 Dungeon Crawl Stone Soup version 0.30-a0-591-g3c58d2bc28 (webtiles) character file.

Game seed: 5643388274675874669

70 Newt the Trooper (level 4, -13/37 HPs)
             Began as a Demonspawn Gladiator on Jan 5, 2023.
             Mangled by an orc warrior
             ... wielding a +1 heavy dire flail
              (25 damage)
             ... on level 3 of the Dungeon.
             The game lasted 00:02:12 (1278 turns).

Newt the Trooper (Demonspawn Gladiator)             Turns: 1278, Time: 00:02:13

Health: -13/37     AC:  5    Str: 17    XL:     4   Next: 3%
Magic:  4/4        EV: 12    Int: 11    God:
Gold:   216        SH:  0    Dex: 14    Spells: 3/3 levels left

rFire   . . .      SeeInvis .    r - +1 spear (venom)
rCold   + . .      Faith    .    (no shield)
rNeg    . . .      Spirit   .    b - +0 leather armour
rPois   .          Reflect  .    c - +0 helmet
rElec   .          Harm     .    i - +0 cloak
rCorr   .          Rampage  .    (no gloves)
Will    .....                    (no boots)
Stlth   ++                       (no amulet)
HPRegen 0.26/turn                p - ring of protection from cold
MPRegen 0.09/turn                (no ring)

@: no status effects
A: spiny 1, big brain 1
a: no special abilities


You were on level 3 of the Dungeon.
You visited 1 branch of the dungeon, and saw 3 of its levels.

You collected 216 gold pieces.

Inventory:

Hand Weapons
 a - a +0 rapier
 n - a +0 hand axe
 o - a +2 vampiric dagger
 r - a +1 spear of venom (weapon)
Missiles
 d - 3 throwing nets (quivered)
 e - a javelin
 j - 39 stones
 l - 8 poisoned darts
Armour
 b - a +0 leather armour (worn)
 c - a +0 helmet (worn)
 i - a +0 cloak (worn)
Jewellery
 p - a ring of protection from cold (left hand)
Scrolls
 h - 3 scrolls of fear
 k - a scroll of teleportation
 m - a scroll of torment
 s - a scroll of magic mapping
 t - a scroll of amnesia
 v - a scroll of fog
 w - a scroll of enchant weapon {unknown}
 x - a scroll of identify
 y - a scroll of poison {unknown}
Potions
 f - 3 potions of haste {unknown}
 g - 2 potions of brilliance
 q - 3 potions of curing
 u - a potion of resistance {unknown}


   Skills:
 + Level 3.7 Fighting
 - Level 2.6 Short Blades
 - Level 1.7 Throwing
 - Level 2.6 Dodging
 - Level 2.0 Stealth


You had 3 spell levels left.
You didn't know any spells.
Your spell library was empty.

Dungeon Overview and Level Annotations

Branches:
Dungeon (3/15)

Altars:
Ashenzari


Innate Abilities, Weirdness & Mutations

You are partially covered in sharp spines.
You have an unusually large brain. (Int +2)


Message History

The orc shouts!
You hear a shout!
Found a stone staircase leading down.
There are monsters nearby!
You reach to attack!
You hit the orc warrior but do no damage.
The orc warrior is poisoned.
You hear an angry hiss.
An orc comes into view. It is wielding a +0 hand axe.
An orc comes into view.
It is wielding a +0 mace and wearing a +0 leather armour of poison resistance.
The orc warrior shoots a bolt.
The bolt hits you!
* * * LOW HITPOINT WARNING * * *
Reach: r) +1 spear (venom)
Press: ? - help, Dir - move target, f - orc, p - orc warrior
Aim: an orc, wielding a +0 hand axe (about 37% to evade your +1 spear of venom)
You reach to attack!
You barely miss the orc.
Reach: r) +1 spear (venom)
Press: ? - help, Dir - move target, f/p - orc
Aim: an orc, wielding a +0 hand axe (about 37% to evade your +1 spear of venom)
You hit the orc.
The orc is poisoned.
The orc is heavily wounded.
The orc closely misses you. The orc is struck by your spines.
The orc barely misses you.
Reach: r) +1 spear (venom)
Press: ? - help, Dir - move target, f - orc, p - orc
Aim: an orc, wielding a +0 falchion and wearing a +0 scale mail (heavily wounded, about 34% to evade your +1 spear of venom)
You hit the orc.
The orc is poisoned.
The orc is severely wounded.
The orc hits you but does no damage.
Reach: r) +1 spear (venom)
Press: ? - help, Dir - move target, f - orc warrior, p - orc
Aim: an orc warrior, wielding a +0 arbalest and wearing a +0 plate armour (moderately wounded, poisoned, about 37% to evade your +1 spear of venom)
You hit the orc warrior but do no damage.
The orc warrior looks even sicker.
The orc warrior is moderately wounded.
You kill the orc!
The orc warrior unwields a +0 arbalest.
The orc warrior wields a +1 heavy dire flail.
The orc warrior hits you with a +1 heavy dire flail!!
Ouch! That really hurt!
You die...

#### #.... #####
#.....##### #....
#....>ooo)####
#....
#.....###@..)###
#.... #....
#...)..#######....
####
#...##......##....
###########.†.....
#####'## #... ####


You could see an orc warrior (very poisoned) and 2 orcs.

Vanquished Creatures
  A worm (D:2)
  3 dart slugs
  9 orcs (D:3)
  4 endoplasms
  2 giant cockroaches
  6 goblins
  3 hobgoblins (D:3)
  A jackal (D:3)
  3 quokkas
  A ball python (D:2)
  4 bats (D:1)
  6 frilled lizards
  3 kobolds (D:3)
  4 rats
50 creatures vanquished.

Notes
Turn   | Place    | Note
-------+----------+-------------------------------------------
     0 | D:1      | Newt the Demonspawn Gladiator began the quest for the Orb.
     0 | D:1      | Reached XP level 1. HP: 16/16 MP: 1/1
    61 | D:1      | Reached skill level 1 in Stealth
   139 | D:1      | Gained mutation: You are partially covered in sharp spines.
                  | [demonic ancestry]
   139 | D:1      | Reached XP level 2. HP: 22/22 MP: 2/2
   529 | D:2      | Found a broken altar of Ashenzari.
   619 | D:2      | Reached XP level 3. HP: 28/28 MP: 3/3
   969 | D:3      | Reached skill level 3 in Fighting
  1261 | D:3      | Gained mutation: You have an unusually large brain. (Int
                  | +2) [demonic ancestry]
  1261 | D:3      | Reached XP level 4. HP: 37/37 MP: 4/4
  1271 | D:3      | Noticed an orc warrior
  1278 | D:3      | Mangled by an orc warrior

Illustrated notes

Levels and vault maps discovered:
D:1:      dpeg_arrival_water_temple_mockup, layout_rooms
D:2:      layout_rooms, basic_altar
D:3:      layout_basic, minmay_mini_jars

Skill      XL: |  1  2  3 |
---------------+----------+-----
Stealth        | 1 2 |  2.0
Fighting       | 3 |  3.7
Short Blades   | |  2.6
Throwing       | |  1.7
Dodging        | |  2.6

Action                   |  1- 3 |  4- 6 || total
-------------------------+-------+-------++-------
Melee: Rapier            |    16 |       ||    16
       Spear             |    67 |     7 ||    74
       Dagger            |     6 |       ||     6
  Use: Scroll            |     8 |       ||     8
 Stab: Sleeping          |     9 |       ||     9
       Distracted        |     2 |       ||     2
Armor: Leather armour    |    17 |     1 ||    18
Dodge: Dodged            |    28 |     3 ||    31

Table legend: (Time is in decaauts)
 A = Elapsed time spent in this place.
 B = Non-inter-level travel time spent in this place.
 C = Inter-level travel time spent in this place.
 D = Time resting spent in this place.
 E = Time spent auto-exploring this place.
 F = Levels seen in this place.
 G = Mean time per level.
                   A        B        C        D        E       F      G
               +--------+--------+--------+--------+--------+-----+--------+
         Total |   1283 |   1216 |     67 |      0 |    920 |   3 |  427.7 |
       Dungeon |   1283 |   1216 |     67 |      0 |    920 |   3 |  427.7 |
               +--------+--------+--------+--------+--------+-----+--------+

Top non-repeatable levels by time:
     D:2: 499 daAuts
     D:1: 418 daAuts
     D:3: 365 daAuts
